 Dungeon Crawl Stone Soup version 0.30.0-29-ga12c61a403 (webtiles) character file.

Game seed: 4072114641729240413

848 qw the Chopper (level 8, -3/50 HPs)
             Began as a Gargoyle Fighter on June 5, 2023.
             Slain by a troll (4 damage)
             ... on level 5 of the Dungeon.
             The game lasted 00:02:00 (3785 turns).

qw the Chopper (Gargoyle Fighter)                   Turns: 3785, Time: 00:02:01

Health: -3/50      AC: 17    Str: 21    XL:     8   Next: 1%
Magic:  8/8        EV:  9    Int: 10    God:
Gold:   325        SH:  4    Dex:  9    Spells: 7/7 levels left

rFire   . . .        Y - +4 war axe
rCold   . . .        c - +0 buckler
rNeg    + . .        b - +0 scale mail
rPois   inf          i - +0 helmet
rElec   +            (no cloak)
rCorr   .            f - +1 pair of gloves
SInv    .            g - +1 pair of boots
Will    .....        (no amulet) Stlth
                     (no ring)
HPRegen 0.28/turn    (no ring)
MPRegen 0.11/turn

%: no passive effects
@: no status effects
A: sickness immunity, AC +5, negative energy resistance 1, electricity
resistance, torment resistance 1, petrification resistance
a: no special abilities


You were on level 5 of the Dungeon.
You visited 1 branch of the dungeon, and saw 5 of its levels.

You collected 325 gold pieces.


Innate Abilities, Weirdness & Mutations

You are immune to sickness and miasma.
Your stone body is resilient. (AC +5)
You are immune to poison.
You resist negative energy. (rN+)
You are resistant to electric shocks. (rElec)
You are resistant to unholy torment.
You are immune to petrification.


   Skills:
 - Level 5.4 Fighting
 + Level 7.0 Axes
 - Level 3.2 Armour
 - Level 1.6 Dodging
 - Level 3.2 Shields


You had 7 spell levels left.
You didn't know any spells.
Your spell library was empty.

Inventory:

Hand Weapons
 a - a +2 heavy flail
 Y - a +4 war axe (weapon)
Armour
 b - a +0 scale mail (worn)
 c - a +0 buckler (worn)
 f - a +1 pair of gloves (worn)
 g - a +1 pair of boots (worn)
 i - a +0 helmet (worn)
Jewellery
 e - an amulet of magic regeneration
Scrolls
 k - a scroll of identify
Potions
 d - a potion of might
 j - a potion of magic
 l - a potion of resistance

Dungeon Overview and Level Annotations

Branches:
Dungeon (5/15)
 Temple: D:4-7

Altars:
Makhleb
Qazlal
Trog

Shops:
D:1 ?   D:3 (


Message History

You start resting.
HP restored.
You see here a +0 giant club.
A gnoll comes into view. It is wielding a +0 flail.
Enter note:
3728 ||| Stepping ~*~*~tactically~*~*~ (stealth).
You see here a +0 whip.
e - an amulet of magic regeneration
Enter note: A troll comes into view.
Enter note:
3771 ||| Stepping ~*~*~tactically~*~*~ (stealth).
You see here 13 gold pieces.
The troll shouts!
You closely miss the troll. The troll bites you!
The troll claws you but does no damage. You block the troll's attack.
You slash the troll!
The troll is moderately wounded.
The troll bites you but does no damage. The troll claws you but does no damage.
The troll barely misses you.
You barely miss the troll.
The troll is moderately wounded.
The troll bites you. The troll closely misses you. The troll claws you.
You hit the troll.
The troll is moderately wounded.
The troll bites you! You block the troll's attack.
The troll claws you but does no damage. The troll bites you but does no damage.
The troll claws you but does no damage. x2
You hit the troll.
The troll is heavily wounded.
The troll bites you. The troll closely misses you. The troll claws you.
You hit the troll.
The troll is severely wounded.
The troll closely misses you. The troll claws you! x2
You closely miss the troll.
The troll is heavily wounded.
The troll closely misses you. The troll claws you but does no damage.
The troll claws you.
You die...

#. #. #. #.
#.###.###
........¤
........#
#.~~~~~~$#
#.~~~~~~T#
#.~~.>~~@#
###.~~_}~~.#
...¤~~~¤~.#
#.~¤~¤¤~.#
#........#
##..(..###
####<.# #..#
######..#


You could see a troll.

Vanquished Creatures
  Menkaure (D:5)
  2 black bears
  3 ogres
  A hound (D:5)
  A jelly (D:4)
  A sleepcap (D:4)
  7 gnolls
  6 adders
  A white imp (D:5)
  A worm (D:2)
  3 dart slugs
  2 orcs (D:5)
  8 bats
  10 endoplasms
  2 giant cockroaches
  8 goblins
  8 hobgoblins
  3 jackals (D:2)
  4 kobolds
  3 quokkas
  10 ball pythons
  2 frilled lizards
  4 rats
91 creatures vanquished.

Notes
Turn   | Place    | Note
-------+----------+-------------------------------------------
     0 | D:1      | qw the Gargoyle Fighter began the quest for the Orb.
     0 | D:1      | Reached XP level 1. HP: 14/14 MP: 1/1
     0 | D:1      | 0 ||| qw: Version: 0.2-a-108-gee2c290
     0 | D:1      | 0 ||| qw: Game counter: 1460
     0 | D:1      | 0 ||| qw: Always use a shield: true
     0 | D:1      | 0 ||| qw: God list: Okawaru
     0 | D:1      | 0 ||| qw: Allow faded altars: false
     0 | D:1      | 0 ||| qw: Do Orc after D:15 true
     0 | D:1      | 0 ||| qw: Do second Lair branch before Depths: true
     0 | D:1      | 0 ||| qw: Lair rune preference: random
     0 | D:1      | 0 ||| qw: Plans: Normal, Zot:1-4, Slime:5, God:TSO, Crypt,
                  | Tomb, Abyss, Pan, Hells, Win
     0 | D:1      | 0 ||| PLANNING D:1-11
    53 | D:1      | Reached skill level 2 in Axes
   120 | D:1      | Reached XP level 2. HP: 19/19 MP: 2/2
   144 | D:1      | 144 ||| Stepping ~*~*~tactically~*~*~ (stealth).
   175 | D:1      | 175 ||| Stepping ~*~*~tactically~*~*~ (stealth).
   206 | D:1      | Found Xyrit's Magic Scroll Emporium.
   214 | D:1      | 214 ||| Stepping ~*~*~tactically~*~*~ (hiding).
   324 | D:1      | 324 ||| SHOPLISTING 3 scrolls of identify (66 gold, have
                  | 10).
   324 | D:1      | 324 ||| SHOPLISTING scroll of identify (22 gold, have 10).
   324 | D:1      | 324 ||| SHOPLISTING scroll of teleportation (33 gold, have
                  | 10).
   437 | D:1      | 437 ||| Stepping ~*~*~tactically~*~*~ (stealth).
   455 | D:1      | 455 ||| Stepping ~*~*~tactically~*~*~ (stealth).
   459 | D:1      | Reached skill level 3 in Axes
   697 | D:1      | Reached XP level 3. HP: 15/23 MP: 3/3
   803 | D:1      | 803 ||| UPGRADING to +0 helmet.
   808 | D:1      | 808 ||| READING scroll labelled DIOSEUWEXO.
   809 | D:1      | 809 ||| READING scroll labelled CEUD MUWAE.
   823 | D:1      | 823 ||| READING scroll labelled METUTE PEICS.
   924 | D:1      | 924 ||| READING scroll labelled ZOFECRU XALANG.
   925 | D:1      | 925 ||| READING 3 scrolls labelled COJIED YRGHAA.
   926 | D:1      | 926 ||| READING scroll labelled EQIUNW ASUOWN.
   927 | D:1      | 927 ||| DRINKING 2 brown potions.
  1329 | D:2      | Reached XP level 4. HP: 28/28 MP: 4/4
  1470 | D:2      | Reached skill level 4 in Axes
  1500 | D:2      | 1500 ||| READING scroll of enchant weapon.
  1500 | D:2      | 1500 ||| ENCHANTING +1 war axe.
  1595 | D:2      | 1595 ||| READING scroll of enchant weapon.
  1595 | D:2      | 1595 ||| ENCHANTING +2 war axe.
  1730 | D:2      | 1730 ||| UPGRADING to +1 pair of boots.
  1735 | D:2      | 1735 ||| READING 2 scrolls labelled ANGALAH FYBLE.
  1736 | D:2      | 1736 ||| READING scroll labelled LESEEBBOMU.
  1737 | D:2      | 1737 ||| READING scroll labelled EBYCHAL BUGG.
  1738 | D:2      | 1738 ||| READING scroll labelled EREURI ZEKHLEO.
  1741 | D:2      | 1741 ||| READING 3 scrolls of identify.
  1741 | D:2      | 1741 ||| IDENTIFYING viscous pink potion
  1742 | D:2      | 1742 ||| DROPPING scroll of immolation.
  1743 | D:2      | 1743 ||| DROPPING potion of brilliance.
  1763 | D:3      | 1763 ||| STAIRDANCE
  1981 | D:3      | 1981 ||| Stepping ~*~*~tactically~*~*~ (hiding).
  1993 | D:3      | 1993 ||| DROPPING +0 mace.
  2145 | D:3      | 2145 ||| Stepping ~*~*~tactically~*~*~ (hiding).
  2146 | D:3      | 2146 ||| Stepping ~*~*~tactically~*~*~ (hiding).
  2148 | D:3      | 2148 ||| Stepping ~*~*~tactically~*~*~ (hiding).
  2460 | D:3      | Found Vucof's Weapon Emporium.
  2599 | D:3      | 2599 ||| UPGRADING to +0 pair of gloves.
  2604 | D:3      | 2604 ||| UPGRADING to +1 pair of gloves.
  2614 | D:3      | 2614 ||| DROPPING +0 pair of gloves.
  2656 | D:4      | 2656 ||| READING scroll of enchant weapon.
  2656 | D:4      | 2656 ||| ENCHANTING +3 war axe.
  2685 | D:4      | Reached XP level 5. HP: 26/32 MP: 5/5
  2754 | D:4      | Reached skill level 5 in Axes
  2758 | D:4      | 2758 ||| Stepping ~*~*~tactically~*~*~ (stealth).
  2767 | D:4      | Identified the +1 spear "Murmur" {chaos, rF- Str+5 Dex+3}
  2769 | D:4      | 2769 ||| Stepping ~*~*~tactically~*~*~ (stealth).
  2945 | D:4      | 2945 ||| Stepping ~*~*~tactically~*~*~ (hiding).
  2951 | D:4      | 2951 ||| Stepping ~*~*~tactically~*~*~ (hiding).
  2982 | D:4      | 2982 ||| Stepping ~*~*~tactically~*~*~ (stealth).
  2987 | D:4      | 2987 ||| Stepping ~*~*~tactically~*~*~ (stealth).
  3007 | D:4      | Found a bloodstained altar of Trog.
  3007 | D:4      | Found a burning altar of Makhleb.
  3044 | D:4      | Noticed an ogre
  3053 | D:4      | Killed an ogre
  3054 | D:4      | Reached XP level 6. HP: 23/40 MP: 6/6
  3059 | D:4      | 3059 ||| FLEEEEING.
  3059 | D:4      | Found the +6 shillelagh "Devastator" {shatter}
  3060 | D:4      | 3060 ||| FLEEEEING.
  3063 | D:4      | 3063 ||| FLEEEEING.
  3064 | D:4      | 3064 ||| FLEEEEING.
  3065 | D:4      | 3065 ||| FLEEEEING.
  3066 | D:4      | 3066 ||| FLEEEEING.
  3067 | D:4      | 3067 ||| FLEEEEING.
  3071 | D:4      | 3071 ||| FLEEEEING.
  3072 | D:4      | 3072 ||| FLEEEEING.
  3073 | D:4      | 3073 ||| FLEEEEING.
  3074 | D:4      | 3074 ||| FLEEEEING.
  3075 | D:4      | 3075 ||| FLEEEEING.
  3076 | D:4      | 3076 ||| FLEEEEING.
  3077 | D:4      | 3077 ||| FLEEEEING.
  3078 | D:4      | 3078 ||| STAIRDANCE
  3118 | D:3      | 3118 ||| DRINKING 2 coppery potions.
  3119 | D:3      | 3119 ||| READING 3 scrolls of identify.
  3119 | D:3      | 3119 ||| IDENTIFYING sedimented ruby potion
  3120 | D:3      | 3120 ||| READING 2 scrolls of identify.
  3120 | D:3      | 3120 ||| IDENTIFYING bubbling inky potion
  3121 | D:3      | 3121 ||| DROPPING potion of degeneration.
  3125 | D:4      | 3125 ||| STAIRDANCE
  3129 | D:3      | Reached skill level 1 in Dodging
  3224 | D:4      | Noticed a black bear
  3233 | D:4      | Killed a black bear
  3234 | D:4      | Reached XP level 7. HP: 43/44 MP: 7/7
  3380 | D:4      | 3380 ||| DROPPING +0 flail.
  3422 | D:5      | Entered Level 5 of the Dungeon
  3422 | D:5      | Found a stormy altar of Qazlal.
  3426 | D:5      | Noticed Menkaure
  3434 | D:5      | HP: 9/44 [Menkaure/nerve-wracking pain (7)]
  3435 | D:5      | 3435 ||| READING scroll of teleportation.
  3436 | D:5      | 3436 ||| DRINKING potion of heal wounds.
  3437 | D:5      | Killed Menkaure
  3438 | D:5      | Reached skill level 6 in Axes
  3440 | D:5      | 3440 ||| Stepping ~*~*~tactically~*~*~ (hiding).
  3449 | D:5      | 3449 ||| Stepping ~*~*~tactically~*~*~ (stealth).
  3457 | D:5      | 3457 ||| FLEEEEING.
  3458 | D:5      | 3458 ||| FLEEEEING.
  3459 | D:5      | 3459 ||| STAIRDANCE
  3528 | D:5      | 3528 ||| Stepping ~*~*~tactically~*~*~ (stealth).
  3693 | D:5      | Reached skill level 7 in Axes
  3695 | D:5      | 3695 ||| DROPPING +6 shillelagh "Devastator" {shatter}.
  3702 | D:5      | Reached XP level 8. HP: 48/50 MP: 8/8
  3728 | D:5      | 3728 ||| Stepping ~*~*~tactically~*~*~ (stealth).
  3770 | D:5      | Noticed a troll
  3771 | D:5      | 3771 ||| Stepping ~*~*~tactically~*~*~ (stealth).
  3784 | D:5      | HP: 8/50 [troll (8)]
  3784 | D:5      | HP: 1/50 [troll (7)]
  3785 | D:5      | Slain by a troll

Levels and vault maps discovered:
D:1:      dreamdust_arrival_beginning_and_end, layout_basic, serial_shops, shop,
          hangedman_abyss_or_decor_stabs, minivault_19, st_stairs_8,
          minmay_tetromino_i4
D:2:      layout_basic
D:3:      layout_basic, serial_shops, nicolae_shop_peninsula,
          hangedman_decor_growths, ebering_dispersal_statue_hall, minmay_cut_off
D:4:      layout_cave_pools, nicolae_overflow_two_pavilions,
          dilly_guarded_unrand_devastator
D:5:      kennysheep_big_flooded_room, layout_loops_ring,
          general_overflow_altar, minmay_temple_entry_statues, st_stairs_8,
          uniq_menkaure

Skill      XL: |  1  2  3  4  5  6  7 |
---------------+----------------------+-----
Axes           | 2 3 4 5 7 |  7.0
Fighting       | 4 5 |  5.4
Dodging        | 1 |  1.6
Armour         | |  3.2
Shields        | |  3.2

Action                     |  1- 3 |  4- 6 |  7- 9 || total
---------------------------+-------+-------+-------++-------
  Melee: War axe           |    73 |   111 |    51 ||   235
    Use: Scroll            |     6 |    10 |     1 ||    17
         Potion            |     1 |     1 |     1 ||     3
 Armour: Scale mail        |    30 |    52 |    32 ||   114
  Dodge: Dodged            |    27 |    50 |    15 ||    92
  Block: Buckler           |    16 |    15 |    10 ||    41

Table legend:
 A = Non-vault XP
 B = Vault XP
 C = Vault XP percentage of total XP
 D = Non-vault monster count
 E = Vault monster count
 F = Vault count percentage of total count
                 A         B        C        D         E       F
            +---------+---------+-------+---------+---------+-------
      Total |     785 |     427 |  35.2 |      78 |      13 |  14.3
            +---------+---------+-------+---------+---------+-------
        D:1 |      40 |       9 |  18.4 |      18 |       5 |  21.7
        D:2 |      75 |       0 |   0.0 |      19 |       0 |   0.0
        D:3 |      22 |     117 |  84.2 |      13 |       5 |  27.8
        D:4 |     275 |     122 |  30.7 |      17 |       1 |   5.6
        D:5 |     373 |     179 |  32.4 |      11 |       2 |  15.4
            +---------+---------+-------+---------+---------+-------
